 Dungeon Crawl Stone Soup version 0.26.1-11-gd32895ea62 (webtiles) character file.

Game seed: 11641499720591757285

714 Zeld the Digger (level 7, -3/36 HPs)
             Began as a Gargoyle Earth Elementalist on Sept 2, 2021.
             Was an Initiate of Gozag.
             Slain by an orc warrior
             ... wielding a +0 mace
              (11 damage)
             ... on level 6 of the Dungeon.
             The game lasted 00:09:01 (7471 turns).

Zeld the Digger (Gargoyle Earth Elementalist)       Turns: 7471, Time: 00:09:02

Health: -3/36      AC:  8    Str: 12    XL:     7   Next: 69%
Magic:  13/22      EV: 12    Int: 17    God:    Gozag
Gold:   8          SH:  3    Dex: 10    Spells: 4/14 levels left

rFire    . . .     SeeInvis +   (no weapon)
rCold    . . .     Faith    .   C - +0 buckler (curse)
rNeg     + . .     Spirit   .   c - +0 robe
rPois    ∞         Reflect  .   (no helmet)
rElec    +         Harm     .   v - +0 cloak
rCorr    .         Rampage  .   (no gloves)
Will     .....                  (no boots)
Stlth    ++........             (no amulet)
HPRegen  0.12/turn              f - ring of see invisible
MPRegen  0.18/turn              x - ring of magical power

@: no status effects
A: negative energy resistance 1, electricity resistance, unbreathing,
petrification resistance, miasma immunity, AC +4
a: Renounce Religion, Potion Petition, Call Merchant, Bribe Branch


You were on level 6 of the Dungeon.
You worshipped Gozag.
Gozag was noncommittal.
You visited 2 branches of the dungeon, and saw 7 of its levels.

You collected 410 gold pieces.
You spent 362 gold pieces at shops.
You paid 40 gold pieces to Gozag.

Inventory:

Missiles
 b - 91 stones (quivered)
Armour
 c - a +0 robe (worn)
 v - a +0 cloak (worn)
 C - a cursed +0 buckler (worn)
Jewellery
 f - a ring of see invisible (left hand)
 x - a ring of magical power (right hand)
Wands
 l - a wand of iceblast (11)
 q - a wand of digging (4)
 u - a wand of enslavement (4)
Scrolls
 d - 2 scrolls of remove curse
 e - a scroll of random uselessness {unknown}
 g - a scroll of amnesia {unknown}
 k - 7 scrolls of enchant armour
 n - a scroll of noise {unknown}
 p - 2 scrolls of enchant weapon {unknown}
 r - 2 scrolls of magic mapping {unknown}
 y - 2 scrolls of teleportation {unknown}
 A - a scroll of fear {unknown}
Potions
 i - a potion of flight {unknown}
 j - a potion of magic {unknown}
 m - 2 potions of curing
 o - a potion of might {unknown}
 s - 2 potions of mutation {unknown}
 w - a potion of cancellation {unknown}
 z - a potion of lignification {unknown}
 B - 2 potions of invisibility {unknown}
 D - a potion of berserk rage {unknown}


   Skills:
 + Level 2.9 Armour
 + Level 2.6 Dodging
 + Level 3.9 Stealth
 + Level 1.7 Shields
 * Level 4.1 Spellcasting
 + Level 2.3 Conjurations
 - Level 1.0 Transmutations
 * Level 6.1 Earth Magic


You had 4 spell levels left.
You knew the following spells:

 Your Spells              Type           Power        Failure   Level
a - Sandblast             Erth           48%          1%          1
b - Passwall              Tmut/Erth      12%          7%          2
c - Stone Arrow           Conj/Erth      34%          11%         3
d - Petrify               Tmut/Erth      15%          43%         4

Your spell library contained the following spells:

 Spells                   Type           Power        Failure   Level
 Magic Dart               Conj           44%          8%          1
 Searing Ray              Conj           22%          12%         2
 Dazzling Flash           Conj/Hex       14%          36%         3
 Fulminant Prism          Conj/Hex       3%           77%         4
 Iskenderun's Mystic Bla  Conj/Tloc      7%           77%         4
 Lee's Rapid Deconstruct  Erth           12%          43%         5


Dungeon Overview and Level Annotations

Branches:
Dungeon (6/15)             Temple (1/1) D:4

Altars:
Ashenzari
Cheibriados
Dithmenos
Elyvilon
Fedhas
Gozag
Hepliaklqana
Kikubaaqudgha
Makhleb
Nemelex Xobeh
Okawaru
Qazlal
Ru
Sif Muna
Trog
Uskayaw
Vehumet
Wu Jian
Yredelemnul
Zin

Shops:
D:6 =(?

Annotations:
D:3 2 runed translucent doors, Hypnoxylon's ghost, amateur DsGl


Innate Abilities, Weirdness & Mutations

You are resistant to torment.
Your stone body is resilient. (AC +4)
You are immune to poison.
You resist negative energy. (rN+)
You are resistant to electric shocks. (rElec)
You can survive without breathing.
You are immune to petrification.
You are immune to miasma.


Message History

Aiming: Sandblast (safe; 1% risk of failure)
Press: ? - help, Shift-Dir - straight line, f/p - orc warrior
Aim: an orc warrior, wielding a +0 mace and wearing a +0 plate armour (heavily wounded, 19% to evade)
The blast of sand hits the orc warrior.
The orc warrior is severely wounded.
b - 91 stones The orc wizard mumbles some strange words.
The orc wizard seems to speed up.
The orc warrior hits you with a +0 mace!
* * * LOW HITPOINT WARNING * * *
The orc wizard gestures wildly while chanting.
The orc wizard blinks!
The orc wizard casts a spell.
The orc wizard blinks!
The orc wizard gestures wildly while chanting.
The orc wizard blinks!
You see here 12 gold pieces.
The orc warrior hits you with a +0 mace!
You die...
Your body crumbles into a pile of gold.

#>....$....?∩?.......?.. #...
#.......................###...#
#...$..........###.. ........(#
##.............## ....$.#
##.............# #....#
###.......###.## #....##
###....## #..# ####.....#
###.## #..#####......### ###
##@##....o.#### #.o....####
#..$#### .....### ......#
.......# ######.# #.. ...


You could see an orc warrior.

Vanquished Creatures
  A phantom (D:5)
  A quasit (D:5)
  An orc priest (D:5)
  3 hounds
  2 iguanas
  4 orc wizards
  Ijyb (D:3)
  3 worker ants
  A howler monkey skeleton (D:5)
  6 adders
  A shadow imp (D:6)
  5 worms
  2 dart slugs
  2 leopard geckos
  14 orcs
  7 giant cockroaches
  15 goblins
  9 hobgoblins
  8 jackals
  7 kobolds
  2 quokkas
  A ball python (D:5)
  12 bats
  7 frilled lizards
  A jackal skeleton (D:6)
  6 rats
122 creatures vanquished.

Vanquished Creatures (others)
  12 plants (D:6)
12 creatures vanquished.

Grand Total: 134 creatures vanquished

Notes
Turn   | Place    | Note
-------+----------+-------------------------------------------
     0 | D:1      | Zeld the Gargoyle Earth Elementalist began the quest for
                  | the Orb.
     0 | D:1      | Reached XP level 1. HP: 10/10 MP: 3/3
   366 | D:1      | Reached XP level 2. HP: 15/15 MP: 0/5
   406 | D:1      | Learned a level 2 spell: Passwall
   501 | D:1      | Reached skill level 1 in Transmutations
   600 | D:1      | Reached skill level 4 in Earth Magic
   743 | D:1      | Reached XP level 3. HP: 19/19 MP: 4/6
   747 | D:1      | Learned a level 3 spell: Stone Arrow
  1236 | D:2      | Reached skill level 1 in Armour
  1686 | D:2      | Reached XP level 4. HP: 24/24 MP: 0/7
  2401 | D:3      | Found a large runed translucent door.
  2401 | D:3      | Found a large runed translucent door.
  2403 | D:3      | Noticed Hypnoxylon's ghost (amateur DsGl)
  2686 | D:3      | Noticed Ijyb
  2713 | D:3      | Killed Ijyb
  2715 | D:3      | Reached XP level 5. HP: 24/28 MP: 3/9
  3401 | D:3      | Found an ancient bone altar of Kikubaaqudgha.
  3401 | D:3      | Found an opulent altar of Gozag.
  3401 | D:3      | Found an iron altar of Okawaru.
  3511 | D:3      | Became a worshipper of Gozag Ym Sagoz the Greedy
  3550 | D:3      | Reached skill level 1 in Conjurations
  4307 | D:4      | Learned a level 4 spell: Petrify
  4439 | D:4      | Reached skill level 5 in Earth Magic
  4482 | D:4      | Reached XP level 6. HP: 28/32 MP: 7/10
  4798 | D:4      | Found a staircase to the Ecumenical Temple.
  4850 | Temple   | Entered the Ecumenical Temple
  5329 | D:5      | Entered Level 5 of the Dungeon
  5862 | D:5      | Reached skill level 1 in Shields
  6001 | D:5      | Reached XP level 7. HP: 36/36 MP: 9/12
  6352 | D:5      | Found a shimmering blue altar of Sif Muna.
  6825 | D:6      | Reached skill level 6 in Earth Magic
  6903 | D:6      | Found Bagueluo's Weapon Emporium.
  6935 | D:6      | Bought 18 stones for 23 gold pieces
  6935 | D:6      | Bought 23 stones for 29 gold pieces
  6935 | D:6      | Bought 15 stones for 19 gold pieces
  7171 | D:6      | Found Enloff's Jewellery Boutique.
  7325 | D:6      | Found Ydogroucieh's Magic Scroll Boutique.
  7341 | D:6      | Bought a scroll of identify for 22 gold pieces
  7341 | D:6      | Bought 3 scrolls of enchant armour for 247 gold pieces
  7341 | D:6      | Bought a scroll of fog for 22 gold pieces
  7471 | D:6      | Slain by an orc warrior

Illustrated notes

Levels and vault maps discovered:
D:1:      dpeg_arrival_more_subterranean_lakeside_camping, layout_basic
D:2:      layout_loops_ring, st_stairs_8, minmay_close_crescents
D:3:      kennysheep_the_goblin_king, layout_basic,
          gammafunk_temple_overflow_claw, ebering_ghost_disaster_area,
          serial_co_window_serial, co_window_paths_b, co_window_paths_a,
          co_window_paths_b, co_window_paths_b, co_window_paths_a,
          co_window_of_opportunity_c, co_window_corner_cb, co_window_cross_4,
          co_window_2corner, co_window_4corner_b, co_window_4corner_a,
          glass_columns_a, glass_columns_a, glass_columns_a, kennysheep_doodads
D:4:      layout_loops_cross, minmay_temple_entry_mist
D:5:      layout_basic, kennysheep_mini
D:6:      layout_cave_pods, serial_shops, kennysheep_mini_moat,
          nicolae_shop_temple_entry_statues_fountains,
          nicolae_shop_overgrown_old_shop, shop_scrolls, kennysheep_boxes
Temple:   nicolae_temple_elliptical

Skill      XL: |  1  2  3  4  5  6  7 |
---------------+----------------------+-----
Transmutations | 1 |  1.0
Earth Magic    | 4 5 6 |  6.1
Armour         | 1 2 |  2.9
Dodging        | 2 |  2.6
Spellcasting   | 3 4 |  4.1
Stealth        | 3 |  3.9
Conjurations   | 1 2 |  2.3
Shields        | 1 |  1.7

Action                   |  1- 3 |  4- 6 |  7- 9 || total
-------------------------+-------+-------+-------++-------
Melee: Unarmed           |    47 |    10 |     1 ||    58
 Cast: Sandblast         |    51 |   118 |    51 ||   220
  Use: Scroll            |       |       |     2 ||     2
Armor: Robe              |    21 |    23 |     8 ||    52
Dodge: Dodged            |    45 |    27 |    20 ||    92
Block: Buckler           |       |     4 |     3 ||     7
